 Dungeon Crawl Stone Soup version 0.18.1-5-g4a78601 (webtiles) character file.

1924158 tyrsky the Impregnable (level 26, 261/261 HPs)
             Began as a Minotaur Fighter on May 11, 2016.
             Was the Champion of Okawaru.
             Escaped with the Orb
             ... and 3 runes on May 12, 2016!
             The game lasted 04:41:56 (52740 turns).

tyrsky the Impregnable (Minotaur Fighter)          Turns: 52740, Time: 04:41:57

Health: 261/261    AC: 38    Str: 31    XL:     26   Next: 39%
Magic:  28/28      EV: 31    Int:  4    God:    Okawaru [******]
Gold:   4383       SH:  5    Dex: 30    Spells: 0 memorised, 25 levels left

rFire  + . .     SeeInvis .     Q - +6 executioner's axe "Beastbane" {chop, rElec Int+6}
rCold  + . .     Gourm    .     m - +7 chain mail of the Guilds {+Blink Str-3 Slay+5}
rNeg   . . .     Faith    .     (shield currently unavailable)
rPois  +         Spirit   .     K - +2 hat {MR+}
rElec  +         Dismiss  .     G - +1 cloak "Damevere" {rCorr}
rCorr  +         Reflect  +     U - +0 pair of gloves of Ashenzari's Envy {*Confuse rF+ Dex+7 Stlth+}
SustAt .         Harm     .     C - +2 pair of boots {Stlth+}
MR     +++..                    L - +3 amulet of reflection
Stlth  +.........               R - ring "Wikkuc" {rPois Int-5 Dex+6}
                                O - ring "Uqukh" {MR+ Str+5 Dex+3 Slay+3}

@: extremely resistant to hostile enchantments, very unstealthy
A: retaliatory headbutt, hooves 1, horns 2, large bone plates 1, cold resistance
1, dopey 1, low mp 1
a: Heroism, Finesse, Renounce Religion, Evoke Blink
0: Orb of Zot
}: 3/15 runes: serpentine, barnacled, silver


You escaped.
You worshipped Okawaru.
Okawaru was exalted by your worship.
You were very full.

You visited 9 branches of the dungeon, and saw 49 of its levels.
You also visited: Labyrinth, Ossuary and Wizlab.

You collected 6422 gold pieces.
You spent 2039 gold pieces at shops.

Inventory:

Hand Weapons
 N - the +2 hand axe of Ravage {chop, +Rage Str-4 SInv}
   (You found it on level 2 of the Depths)

   It inflicts extra damage upon your enemies.
   It affects your strength (-4).
   It lets you see invisible.
   It lets you go berserk.
 Q - the +6 executioner's axe "Beastbane" (weapon) {chop, rElec Int+6}
   (Okawaru gifted it to you on level 8 of the Lair of Beasts)

   It inflicts extra damage upon your enemies.
   It affects your intelligence (+6).
   It insulates you from electricity.
Armour
 g - the +10 plate armour "Zijiteug" {rC+}
   (You found it on level 2 of the Depths)

   It protects you from cold.
 j - the +0 cloak "Bocieth" {rF- rC+ Int+3 SInv}
   (You found it in a wizard's laboratory)

   It affects your intelligence (+3).
   It makes you vulnerable to fire.
   It protects you from cold.
   It lets you see invisible.
 m - the +7 chain mail of the Guilds (worn) {+Blink Str-3 Slay+5}
   (Okawaru gifted it to you on level 4 of the Shoals)

   It affects your strength (-3).
   It affects your accuracy and damage with ranged weapons and melee attacks
   (+5).
   It lets you blink.
 z - a +2 cloak
 C - a +2 pair of boots of stealth (worn)
 G - the +1 cloak "Damevere" (worn) {rCorr}
   (You found it in a wizard's laboratory)

   It protects you from acid and corrosion.
 K - a +2 hat of magic resistance (worn)
 U - the +0 pair of gloves of Ashenzari's Envy (worn) {*Confuse rF+ Dex+7 Stlth+}
   (You acquired it on level 6 of the Lair of Beasts)

   It affects your dexterity (+7).
   It protects you from fire.
   It may confuse you when you take damage.
   It makes you more stealthy.
Jewellery
 i - the ring of Feuser {rC+ Str+2 SInv}
   (You took it off an orc priest on level 11 of the Dungeon)

   [ring of strength]

   It affects your strength (+2).
   It protects you from cold.
   It lets you see invisible.
 q - an uncursed amulet of regeneration
 y - an uncursed ring of wizardry
 B - an uncursed ring of resist corrosion
 L - a +3 amulet of reflection (around neck)
 O - the ring "Uqukh" (left hand) {MR+ Str+5 Dex+3 Slay+3}
   (You bought it in a shop on level 2 of the Orcish Mines)

   [ring of protection from magic]

   It affects your strength (+5).
   It affects your dexterity (+3).
   It affects your accuracy and damage with ranged weapons and melee attacks
   (+3).
   It affects your resistance to hostile enchantments.
 P - an uncursed ring of positive energy
 R - the ring "Wikkuc" (right hand) {rPois Int-5 Dex+6}
   (You bought it in a shop on level 2 of the Orcish Mines)

   [ring of intelligence]

   It affects your intelligence (-5).
   It affects your dexterity (+6).
   It protects you from poison.
 T - an uncursed ring of poison resistance {unknown}
 Z - an uncursed ring of protection from cold
Wands
 b - a wand of digging (6/24)
 t - a wand of disintegration (13/24)
 u - a wand of disintegration (9/24)
 Y - a wand of heal wounds (2/9)
Scrolls
 c - 5 scrolls of magic mapping
 e - 9 scrolls of enchant weapon
 l - a scroll of recharging
 r - 5 scrolls of enchant armour
 s - 11 scrolls of remove curse
 v - 11 scrolls of identify {@*1}
 D - a scroll of acquirement
 E - 5 scrolls of fog
 F - 3 scrolls of summoning
 X - 12 scrolls of teleportation
Potions
 a - a potion of cancellation
 d - a potion of heal wounds
 h - 3 potions of agility
 k - 5 potions of ambrosia
 o - 4 potions of cure mutation
 w - 4 potions of curing
 A - 9 potions of flight
 V - 2 potions of beneficial mutation
Comestibles
 f - 3 bread rations
 p - 16 fruits
 x - 23 meat rations
 I - 2 slices of pizza
 S - 8 beef jerkies
 W - 4 royal jellies


   Skills:
 * Level 26.1 Fighting
 * Level 24.7 Axes
 * Level 26.2 Armour
 - Level 20.4 Dodging
 - Level 8.8 Stealth
   Level 3.6 Shields
 - Level 7.7 Invocations
 - Level 13.1 Evocations


You had 25 spell levels left.
You didn't know any spells.

Dungeon Overview and Level Annotations

Branches:
Dungeon (15/15)            Temple (1/1) D:5            Lair (8/8) D:9
 Shoals (4/4) Lair:3        Snake (4/4) Lair:3        Slime (0/6) Lair:6
    Orc (2/2) D:9             Elf (0/3) Orc:2        Vaults (5/5) D:14
 Depths (5/5) D:15            Zot (5/5) Depths:5
  Crypt: Vaults:2-3

Altars:
Ashenzari
Cheibriados
Dithmenos
Fedhas
Gozag
Kikubaaqudgha
Makhleb
Okawaru
Ru
Sif Muna
Trog
Vehumet
Xom
Zin
Beogh

Shops:
D:5 ?   D:12 (   Orc:2 =*![*=(=   Snake:2 (   Snake:3 *   Vaults:1 :=}
Vaults:2 [   Vaults:5 ![

Portals:
Hell: Depths:1 Depths:3 Depths:4
Abyss: Depths:4
Pandemonium: Depths:2 Depths:3
Ziggurat: Depths:3
Trove: Vaults:3 (give 4 potions of resistance)

Annotations:
D:7 XVar's ghost, novice MiBe
D:9 exclusion: statue
Shoals:4 mopl's ghost, journeyman HEEn
Snake:3 Vashnia


Innate Abilities, Weirdness & Mutations

You reflexively headbutt those who attack you in melee.
You have a pair of horns on your head.
You have large cloven feet.
You are partially covered in large bone plates (AC +2, SH +2).
Your flesh is cold resistant.
You are dopey. (Int -2)
Your magical capacity is low (-10% MP).


Message History

Press: ? - help, Shift-Dir - straight line The rock shatters into small pieces.
This wand has 7 charges left.
There is a stone staircase leading up here.
You climb upwards.
There is a stone staircase leading down here.
Evoke which item? (* to show all) (? for menu, Esc to quit)
Zapping:
b - a wand of digging (7/24)
Press: ? - help, Shift-Dir - straight line The rock shatters into small pieces.
This wand has 6 charges left.
A soul eater comes into view.
The soul eater completely misses you.
A shadow imp comes into view.
The soul eater completely misses you. The soul eater misses you.
There is an open door here.
There is an open door here.
There is a staircase leading out of the dungeon here.
The soul eater closely misses you. You furiously retaliate!
You headbutt the soul eater.
You have escaped!

.#....###........................
.#....# ##................)...#.#
.#....# #.##..#############..#.#
.#....# #.##..#.....#.#.⌠⌠#..#.#
.#....# #.##..#.....#.'...#..#.#
.#....# #.##..#.....+.#####..#.#
.#....# #.##..#.....#.#...#..#.#
.#....# #.##..#######.#......#..
.#....# #.##..#H35'...'...#..###
.#....# #.##..#...#...#...#..# #
.#....####.##..######'######..# #
.#.........##..P...........P..# #
.#.†.########..P..♣.....♣..P..# #
.#...#### #..P...........P..# #
.#......#


#..PPPPP...PPPPP..# # .##.....### #.................###
..........###.................##. You could see a soul eater and a shadow imp.

Vanquished Creatures
  Mara (Snake:4)
  2 orbs of fire
  9 ancient liches
  Margery (Vaults:3)
  Frederick (Depths:3)
  2 Killer Klowns
  2 caustic shrikes (Depths:3)
  7 golden dragons
  An iron giant (Depths:3)
  A curse toe (Zot:4)
  Xtahua (Depths:3)
  Jory (Depths:3)
  4 electric golems
  14 tentacled monstrosities
  Rupert (Orc:2)
  Jorgrun (Vaults:3)
  4 liches
  2 quicksilver dragons
  22 Orb Guardians
  2 titans
  An eldritch tentacle (WizLab)
  7 death cobs
  A tentacled starspawn (WizLab)
  9 shadow dragons
  Gastronok (Lair:3)
  9 greater nagas
  4 sphinxes
  Ilsuiw (Shoals:4)
  10 storm dragons
  9 tengu reavers
  2 draconian monks
  Wiglaf (Depths:1)
  2 deep elf sorcerers (Vaults:5)
  13 frost giants
  9 fire giants
  8 draconian knights
  4 draconian scorchers
  Maud (Lair:7)
  Aizul (Snake:2)
  3 draconian zealots
  3 draconian shifters
  2 deep elf elementalists
  3 orc warlords
  2 iron dragons
  A ghoul (Vaults:3)
  An angel (WizLab)
  12 vault wardens
  5 draconian annihilators
  19 stone giants
  A war gargoyle (Vaults:5)
  A draconian caller (Zot:2)
  11 ironheart preservers
  8 green draconians
  20 very ugly things
  2 blood saints (Zot:1)
  4 vampire knights
  3 deep elf demonologists
  8 black draconians
  8 purple draconians
  10 mottled draconians
  3 deep elf annihilators
  2 spark wasps (Depths:4)
  3 red draconians
  10 yellow draconians
  A dire elephant (D:15)
  9 white draconians
  2 merfolk javelineers (Shoals:4)
  The ghost of CcS the Severer, a journeyman GrBe of Trog (Lair:7)
  19 ettins
  Snorg (Orc:2)
  3 deep elf death magi
  35 vault guards
  A minotaur (Lab)
  15 fire dragons
  12 merfolk impalers
  4 deep elf high priests
  18 yaktaur captains
  8 entropy weavers
  5 great orbs of eyes
  16 naga warriors
  6 hydras
  9 rakshasas
  13 ice dragons
  4 catoblepae
  A spriggan air mage (Depths:3)
  25 anacondas
  2 merfolk avatars (Shoals:4)
  9 ogre magi
  A hell beast (Depths:1)
  3 death knights
  8 centaur warriors
  6 deep troll shamans
  2 dancing weapons (Vaults:5)
  2 merfolk aquamancers (Shoals:4)
  18 death yaks
  6 deep troll earth magi
  6 orc high priests
  3 thrashing horrors (WizLab)
  A shock serpent (shapeshifter) (Depths:2)
  2 tengu warriors (Depths:1)
  18 naga sharpshooters
  3 spriggan berserkers (Depths:3)
  9 shock serpents
  A spriggan (Depths:3)
  4 deep elf knights
  15 hell knights
  A shadow wraith (WizLab)
  Sonja (Lair:4)
  6 salamander mystics
  A large abomination (WizLab)
  3 sea snakes
  11 skeletal warriors
  3 fire crabs
  2 iron trolls (Depths:3)
  4 unseen horrors
  6 deep elf archers
  18 deep trolls
  2 infernal demonspawn
  An anaconda skeleton (WizLab)
  A death drake (shapeshifter) (Vaults:1)
  2 flayed ghosts
  2 wizards (Depths:1)
  6 phantasmal warriors
  14 naga ritualists
  5 giant orange brains
  13 orc knights
  4 lindwurms (Snake:4)
  6 hill giants
  4 harpies (Vaults:2)
  2 obsidian statues
  16 mana vipers
  17 ironbrand convokers
  4 necromancers
  Pikel (D:6)
  A faun (Shoals:2)
  8 salamanders
  5 wolf spiders
  49 ugly things
  A tengu skeleton (Vaults:1)
  A hornet (Vaults:3)
  6 griffons
  6 cyclopes
  A human zombie (Vaults:1)
  6 manticores
  13 orc sorcerers
  14 deep elf magi
  An elephant (shapeshifter) (Vaults:5)
  A sixfirhy (Zot:4)
  A cyclops (shapeshifter) (Vaults:4)
  Maurice (Orc:2)
  A rust devil (Depths:1)
  9 moths of wrath
  2 worldbinders (WizLab)
  A smoke demon (WizLab)
  49 black mambas
  10 guardian serpents
  2 molten gargoyles (Lair:6)
  5 sirens
  10 elephants
  A guardian serpent (shapeshifter) (Vaults:3)
  12 vault sentinels
  An orange demon (WizLab)
  26 naga magi
  3 water nymphs
  A spiny frog (shapeshifter) (Vaults:3)
  8 spiny frogs
  6 gargoyles
  9 komodo dragons
  7 freezing wraiths
  2 hellwings
  A rime drake (Lair:3)
  54 yaktaurs
  A kobold demonologist (D:14)
  An ice devil (Depths:1)
  An efreet (D:15)
  A red devil (Depths:1)
  A jumping spider (Vaults:5)
  4 tengu conjurers
  5 polar bears
  A redback zombie (D:15)
  6 trolls
  A queen bee (shapeshifter) (Depths:2)
  A jumping spider (shapeshifter) (Vaults:3)
  6 two-headed ogres
  21 merfolk
  A merfolk (shapeshifter) (Vaults:5)
  17 slime creatures
  24 blink frogs
  8 boulder beetles
  2 snapping turtles
  A fire giant simulacrum (Vaults:2)
  A frost giant simulacrum (Vaults:3)
  16 redbacks
  A vampire (D:15)
  A ynoxinul (WizLab)
  22 water elementals
  A shadow (D:12)
  4 tarantellas
  3 wyverns
  Sigmund (D:2)
  A human (shapeshifter) (Vaults:3)
  68 yaks
  13 hippogriffs
  3 wraiths
  2 basilisks (Lair:7)
  A chaos spawn (WizLab)
  Eustachio (D:5)
  11 vampire mosquitoes
  A neqoxec (D:8)
  A steam dragon (Lair:6)
  A hog (Shoals:1)
  A yaktaur simulacrum (Vaults:2)
  3 hungry ghosts (D:9)
  3 spatial vortices (WizLab)
  An insubstantial wisp (WizLab)
  8 wargs
  A mottled dragon (D:15)
  52 nagas
  18 water moccasins
  9 porcupines
  3 phantoms
  An ice beast (D:15)
  8 black bears
  54 orc warriors
  2 sky beasts
  2 wasps
  An eye of draining (D:9)
  2 necrophages
  A wolf (shapeshifter) (Vaults:5)
  41 ogres
  5 boggarts
  11 wolves
  21 centaurs
  Blork the orc (D:5)
  16 crocodiles
  17 giant frogs
  8 big kobolds
  A wyvern zombie (D:13)
  3 water moccasin zombies
  5 scorpions
  23 killer bees
  3 wights (D:6)
  6 howler monkeys
  10 electric eels
  9 crimson imps
  3 giant frog zombies
  5 lava snakes (Lair:6)
  6 centaur zombies
  10 hounds
  18 orc priests
  5 centaur skeletons
  A giant frog skeleton (D:8)
  21 orc wizards
  7 iguanas
  6 worker ants
  3 polar bear simulacra (Lair:4)
  5 wolf simulacra (Lair:4)
  3 big kobold zombies (Ossuary)
  12 sheep
  A hound zombie (D:7)
  2 hound skeletons
  2 mummies (Ossuary)
  Robin (D:2)
  A howler monkey zombie (D:6)
  A worker ant zombie (D:9)
  3 howler monkey skeletons
  10 adders
  99 river rats
  A shadow imp (D:11)
  2 oozes
  8 adder zombies (Ossuary)
  4 worms
  2 dart slugs (D:1)
  4 giant geckos
  95 orcs
  23 bats
  7 giant cockroaches
  13 goblins
  10 hobgoblins
  18 jackals
  3 quokkas
  A ball python (Snake:2)
  7 giant newts
  3 gnoll zombies (Ossuary)
  8 hobgoblin zombies (Ossuary)
  23 kobolds
  5 kobold zombies (Ossuary)
  5 orc zombies
  A quokka zombie (D:6)
  13 rats
  3 river rat simulacra (Lair:4)
  8 fungi
  A lurking horror (WizLab)
  11 plants
  2 starspawn tentacles (WizLab)
2247 creatures vanquished.

Vanquished Creatures (collateral kills)
  A merfolk avatar (Shoals:4)
  A sea snake (Shoals:4)
2 creatures vanquished.

Vanquished Creatures (others)
  A tengu reaver (Vaults:5)
  A deep elf sorcerer (Vaults:5)
  A draconian zealot (Zot:3)
  A stone giant (Vaults:5)
  A spriggan (Depths:3)
  2 deep elf magi (Vaults:5)
  A moth of wrath (Zot:5)
  2 yaktaurs
  A wasp (Depths:3)
  A black bear (D:6)
  An orc wizard (D:4)
  A river rat (Lair:2)
  A bush (Lair:8)
  1390 eldritch tentacle segments (WizLab)
  43 fungi
  46 plants
  2 starspawn tentacles (WizLab)
  5 starspawn tentacle segments (WizLab)
1501 creatures vanquished.

Grand Total: 3750 creatures vanquished

Notes
Turn   | Place    | Note
--------------------------------------------------------------
     0 | D:1      | tyrsky the Minotaur Fighter began the quest for the Orb.
     0 | D:1      | Reached XP level 1. HP: 19/19 MP: 0/0
    89 | D:1      | Reached XP level 2. HP: 24/26 MP: 1/1
   455 | D:1      | Reached XP level 3. HP: 31/31 MP: 2/2
   793 | D:2      | Noticed Sigmund
   868 | D:2      | Noticed Robin
   884 | D:2      | Killed Robin
   884 | D:2      | Reached skill level 5 in Axes
   973 | D:2      | Killed Sigmund
   973 | D:2      | Reached XP level 4. HP: 39/39 MP: 3/3
   973 | D:2      | Reached XP level 5. HP: 45/45 MP: 4/4
  1405 | D:3      | Reached XP level 6. HP: 41/51 MP: 5/5
  1683 | D:3      | Found a sacrificial altar of Ru.
  2180 | D:4      | Found a sand-covered staircase.
  2231 | Ossuary  | Entered an ossuary
  2323 | Ossuary  | Reached XP level 7. HP: 55/57 MP: 6/6
  2487 | D:4      | Reached skill level 10 in Axes
  2771 | D:5      | Entered Level 5 of the Dungeon
  2771 | D:5      | Found a staircase to the Ecumenical Temple.
  2779 | Temple   | Entered the Ecumenical Temple
  2787 | Temple   | Became a worshipper of Warmaster Okawaru
  2918 | D:5      | Reached * piety under Okawaru
  2918 | D:5      | Reached XP level 8. HP: 20/64 MP: 7/7
  3135 | D:5      | Noticed Blork the orc
  3156 | D:5      | Noticed Eustachio
  3171 | D:5      | Killed Blork the orc
  3182 | D:5      | Killed Eustachio
  3409 | D:5      | Found an ancient bone altar of Kikubaaqudgha.
  3539 | D:5      | Found a shimmering altar of Xom.
  3580 | D:5      | Found Qurug's Magic Scroll Shoppe.
  3588 | D:5      | Bought a scroll of blinking for 75 gold pieces
  3588 | D:5      | Bought a scroll of teleportation for 30 gold pieces
  3917 | D:6      | Reached ** piety under Okawaru
  4070 | D:6      | Noticed Pikel
  4091 | D:6      | Killed Pikel
  4091 | D:6      | Reached XP level 9. HP: 70/70 MP: 8/8
  4399 | D:6      | Reached *** piety under Okawaru
  4758 | D:7      | Noticed XVar's ghost (novice MiBe)
  5085 | D:7      | Reached skill level 15 in Axes
  5168 | D:8      | Received a gift from Okawaru
  5736 | D:8      | Reached XP level 10. HP: 59/77 MP: 9/9
  6211 | D:9      | Found a staircase to the Lair.
  6216 | D:9      | Reached skill level 5 in Fighting
  6267 | D:9      | Reached skill level 5 in Armour
  6339 | Lair:1   | Entered Level 1 of the Lair of Beasts
  6346 | Lair:1   | Noticed a spiny frog
  6356 | Lair:1   | Killed a spiny frog
  6896 | Lair:1   | Reached **** piety under Okawaru
  6985 | Lair:1   | Noticed a black mamba
  6996 | Lair:1   | Killed a black mamba
  7520 | Lair:2   | Noticed a six-headed hydra
  7532 | Lair:2   | Noticed a spiny frog
  7548 | Lair:2   | Killed an 11-headed hydra
  7551 | Lair:2   | Killed a spiny frog
  7552 | Lair:2   | Reached ***** piety under Okawaru
  7552 | Lair:2   | Reached XP level 11. HP: 95/95 MP: 7/10
  8294 | Lair:2   | Received a gift from Okawaru
  8302 | Lair:2   | Reached skill level 10 in Fighting
  8563 | Lair:2   | Reached skill level 10 in Armour
  9083 | Lair:3   | Found a staircase to the Snake Pit.
  9085 | Lair:3   | Received a gift from Okawaru
  9350 | Lair:3   | Found a staircase to the Shoals.
  9668 | Lair:3   | Noticed Gastronok
  9703 | Lair:3   | Killed Gastronok
  9703 | Lair:3   | Reached XP level 12. HP: 45/112 MP: 9/11
 10610 | Lair:4   | Noticed Sonja
 10891 | Lair:4   | Killed Sonja
 10935 | Lair:4   | Reached ****** piety under Okawaru
 11466 | Lair:5   | Received a gift from Okawaru
 11571 | Lair:5   | Received a gift from Okawaru
 12448 | Lair:6   | Found a staircase to the Slime Pits.
 12527 | Lair:6   | Noticed a four-headed hydra
 12543 | Lair:6   | Killed a seven-headed hydra
 12775 | Lair:6   | Identified a scroll of acquirement
 12776 | Lair:6   | Got a pair of encrusted gloves
 12782 | Lair:6   | Identified the +0 pair of gloves of Ashenzari's Envy {*Confuse rF+ Dex+7 Stlth+} (You acquired it on level 6 of the Lair of Beasts)
 12791 | Lair:6   | Reached XP level 13. HP: 111/125 MP: 12/12
 13441 | Lair:7   | Received a gift from Okawaru
 13470 | Lair:7   | Noticed Maud
 13487 | Lair:8   | Entered Level 8 of the Lair of Beasts
 13533 | Lair:7   | Reached skill level 15 in Fighting
 14236 | Lair:8   | Reached skill level 15 in Armour
 14697 | Lair:8   | Received a gift from Okawaru
 14698 | Lair:8   | Got a blackened executioner's axe {god gift}
 14699 | Lair:8   | Identified the +6 executioner's axe "Beastbane" {chop, rElec Int+6} (Okawaru gifted it to you on level 8 of the Lair of Beasts)
 15059 | Lair:8   | Reached XP level 14. HP: 92/138 MP: 10/13
 15072 | Lair:8   | Received a gift from Okawaru
 15715 | Lair:7   | Noticed CcS's ghost (journeyman GrBe)
 15724 | Lair:7   | Killed CcS's ghost
 15811 | Lair:7   | Killed Maud
 15811 | Lair:7   | Received a gift from Okawaru
 15812 | Lair:7   | Got an ichor-stained cloak {god gift}
 15823 | Lair:7   | Identified the +0 cloak of the Mind {Int+7 Dex+2} (Okawaru gifted it to you on level 7 of the Lair of Beasts)
 16607 | D:9      | Found a deep blue altar of Sif Muna.
 16863 | D:9      | Found a radiant altar of Vehumet.
 16876 | D:9      | Found a staircase to the Orcish Mines.
 17050 | Orc:1    | Entered Level 1 of the Orcish Mines
 17302 | Orc:1    | Noticed an orc warlord
 17477 | Orc:2    | Entered Level 2 of the Orcish Mines
 17694 | Orc:1    | Killed an orc warlord
 17757 | Orc:1    | Found a roughly hewn altar of Beogh.
 17873 | Orc:2    | Found Lonuru's General Store.
 17943 | Orc:2    | Noticed an orc warlord
 17961 | Orc:2    | Received a gift from Okawaru
 17964 | Orc:2    | Found Naxez's Antique Weapon Shop.
 18210 | Orc:2    | Killed an orc warlord
 18291 | Orc:2    | Bought a potion of curing for 45 gold pieces
 18308 | Orc:2    | Found Xuss's Antique Armour Boutique.
 18326 | Orc:2    | Noticed Maurice
 18366 | Orc:2    | Found Lifuram's Jewellery Shoppe.
 18387 | Orc:2    | Noticed Snorg
 18404 | Orc:2    | Killed Maurice
 18750 | Orc:2    | Killed Snorg
 18760 | Orc:2    | Found Zank's Distillery.
 18784 | Orc:2    | Bought a potion of curing for 51 gold pieces
 18789 | Orc:2    | Found a staircase to the Elven Halls.
 19057 | Orc:2    | Found Jacan's General Store.
 19059 | Orc:2    | Found Ipomo's Jewellery Boutique.
 19140 | Orc:2    | Reached XP level 15. HP: 145/150 MP: 12/14
 19158 | Orc:2    | Noticed an orc warlord
 19159 | Orc:2    | Found Pirchireh's Jewellery Boutique.
 19177 | Orc:2    | Killed an orc warlord
 19427 | Orc:2    | Noticed Rupert
 19428 | Orc:2    | Paralysed by Rupert for 7 turns
 19443 | Orc:2    | Killed Rupert
 19443 | Orc:2    | Received a gift from Okawaru
 19609 | Orc:2    | Bought the ring "Uqukh" {MR+ Str+5 Dex+3 Slay+3} for 675 gold pieces
 19635 | Orc:2    | Bought the cursed ring "Wikkuc" {rPois Int-5 Dex+6} for 304 gold pieces
 19680 | D:10     | Entered Level 10 of the Dungeon
 20670 | D:11     | Found a blossoming altar of Fedhas.
 20880 | D:11     | Got a wavering platinum ring
 21270 | D:12     | Found Celemod's Weapon Shop.
 21597 | D:13     | Received a gift from Okawaru
 21609 | D:13     | Got a pair of ancient gloves {god gift}
 21620 | D:13     | Identified the +0 pair of gloves of Resilience {MR+ Int+3 Dex+2 Slay-4} (Okawaru gifted it to you on level 13 of the Dungeon)
 22895 | D:14     | Found a gate to the Vaults.
 23190 | D:14     | Got a bound brass ring
 23192 | D:14     | Identified the ring of Feuser {rC+ Str+2 SInv} (You took it off an orc priest on level 11 of the Dungeon)
 23194 | D:14     | Identified the ring "Taegiyng" {MR+ Dex+2} (You found it on level 14 of the Dungeon)
 23418 | D:15     | Entered Level 15 of the Dungeon
 23670 | D:15     | Found a labyrinth entrance.
 23685 | Lab      | Entered a labyrinth
 23981 | Lab      | Identified the Grimoire of Ashen Malediction
 24111 | D:15     | Received a gift from Okawaru
 24173 | D:15     | Reached XP level 16. HP: 118/162 MP: 12/15
 24584 | D:15     | Found a staircase to the Depths.
 24763 | Snake:1  | Entered Level 1 of the Snake Pit
 26171 | Snake:1  | Reached skill level 1 in Dodging
 26222 | Snake:1  | Received a gift from Okawaru
 26987 | Snake:2  | Reached skill level 5 in Dodging
 28071 | Snake:2  | Found Goymmiak's Weapon Shoppe.
 28214 | Snake:3  | Noticed Aizul
 28232 | Snake:2  | Killed Aizul
 28274 | Snake:3  | Received a gift from Okawaru
 28282 | Snake:3  | Noticed Vashnia
 28501 | Snake:3  | Reached skill level 10 in Dodging
 28501 | Snake:3  | Reached XP level 17. HP: 133/170 MP: 13/16
 28824 | Snake:3  | Found Moskuisch's Assorted Antiques.
 29702 | Snake:4  | Entered Level 4 of the Snake Pit
 30102 | Snake:4  | Received a gift from Okawaru
 30210 | Snake:4  | Noticed Mara
 30230 | Snake:4  | Noticed tyrsky's illusion
 31238 | Snake:4  | Noticed tyrsky's illusion
 31241 | Snake:4  | Killed Mara
 31657 | Snake:4  | Received a gift from Okawaru
 31659 | Snake:4  | Reached skill level 15 in Dodging
 32103 | Snake:4  | Reached XP level 18. HP: 163/178 MP: 15/17
 32356 | Snake:4  | Received a gift from Okawaru
 32357 | Snake:4  | Got a pitted steam dragon armour {god gift}
 32380 | Snake:4  | Identified the +1 steam dragon armour "Deinumoh" {*Corrode Str+4 Dex+2} (Okawaru gifted it to you on level 4 of the Snake Pit)
 32415 | Snake:4  | Reached skill level 1 in Invocations
 32479 | Snake:4  | Reached skill level 5 in Invocations
 32502 | Snake:4  | Got a serpentine rune of Zot
 32744 | Shoals:1 | Entered Level 1 of the Shoals
 32911 | Shoals:4 | Entered Level 4 of the Shoals
 32911 | Shoals:4 | Noticed Ilsuiw
 33270 | Shoals:4 | Killed Ilsuiw
 33507 | Shoals:4 | Reached skill level 1 in Evocations
 33508 | Shoals:4 | Received a gift from Okawaru
 33509 | Shoals:4 | Got a crude chain mail {god gift}
 33805 | Shoals:4 | Noticed mopl's ghost (journeyman HEEn)
 34270 | Shoals:4 | Got a barnacled rune of Zot
 34329 | Shoals:2 | Reached skill level 5 in Evocations
 34593 | Vaults:1 | Entered Level 1 of the Vaults
 35007 | Vaults:1 | Found Keirphij's Gadget Shop.
 35026 | Vaults:1 | Bought a wand of heal wounds (3/9) for 672 gold pieces
 35123 | Vaults:1 | Found Suovuheh's Book Emporium.
 35229 | Vaults:1 | Found Zatew's Jewellery Boutique.
 35291 | Vaults:1 | Reached XP level 19. HP: 182/185 MP: 21/23
 35517 | Vaults:2 | Identified the +7 chain mail of the Guilds {+Blink Str-3 Slay+5} (Okawaru gifted it to you on level 4 of the Shoals)
 35935 | Vaults:2 | Received a gift from Okawaru
 36017 | Vaults:2 | Reached skill level 10 in Evocations
 36179 | Vaults:2 | Found Myoffeck's Armour Shop.
 36233 | Vaults:3 | Noticed Jorgrun
 36241 | Vaults:3 | Killed Jorgrun
 36311 | Vaults:3 | Found a portal to a secret trove of treasure.
 36358 | Vaults:3 | Noticed Margery
 36392 | Vaults:3 | Received a gift from Okawaru
 36396 | Vaults:3 | Killed Margery
 37143 | Vaults:3 | Reached XP level 20. HP: 186/193 MP: 28/28
 37330 | Vaults:3 | Reached skill level 1 in Stealth
 37377 | Vaults:3 | Received a gift from Okawaru
 38256 | Depths:1 | Entered Level 1 of the Depths
 38300 | Depths:1 | Received a gift from Okawaru
 38409 | Depths:1 | Found a gateway to Hell.
 38414 | Depths:1 | Noticed Wiglaf
 38427 | Depths:1 | Killed Wiglaf
 38949 | Depths:1 | Received a gift from Okawaru
 39246 | Depths:2 | Found a one-way gate leading to the halls of Pandemonium.
 39380 | Depths:2 | Reached XP level 21. HP: 163/204 MP: 24/29
 39465 | Depths:2 | Noticed a golden dragon
 39489 | Depths:2 | Killed a golden dragon
 39520 | Depths:2 | Received a gift from Okawaru
 39632 | Depths:2 | Got a pitted plate armour
 39638 | Depths:2 | Got a fine hand axe
 39652 | Depths:2 | Identified the +10 plate armour "Zijiteug" {rC+} (You found it on level 2 of the Depths)
 39660 | Depths:2 | Identified the +2 hand axe of Ravage {chop, +Rage Str-4 SInv} (You found it on level 2 of the Depths)
 40113 | Depths:2 | Found a runed door.
 40234 | Depths:2 | Found a radiant altar of Vehumet.
 40234 | Depths:2 | Noticed an ancient lich
 40250 | Depths:2 | Killed an ancient lich
 40265 | Depths:2 | Identified the Collected Works on Arcane Weapons
 40473 | Depths:3 | Noticed an iron giant
 40509 | Depths:3 | Received a gift from Okawaru
 40559 | Depths:3 | Killed an iron giant
 40689 | Depths:3 | Reached skill level 5 in Stealth
 40736 | Depths:3 | Noticed a golden dragon
 41077 | Depths:3 | Got a dazzling crystal plate armour
 41088 | Depths:3 | Identified the +1 crystal plate armour of Olinkomm {*Corrode Int+4} (You acquired it on level 3 of the Depths)
 41162 | Depths:3 | Found a runed door.
 41185 | Depths:3 | Noticed Jory
 41197 | Depths:3 | Killed Jory
 41197 | Depths:3 | Received a gift from Okawaru
 41229 | Depths:3 | Noticed a caustic shrike
 41243 | Depths:3 | Noticed a caustic shrike
 41253 | Depths:3 | Noticed Frederick
 41259 | Depths:3 | Killed a caustic shrike
 41520 | Depths:3 | Killed Frederick
 41520 | Depths:3 | Reached XP level 22. HP: 118/215 MP: 24/30
 41607 | Depths:3 | Killed a caustic shrike
 41646 | Depths:3 | Noticed Xtahua
 41659 | Depths:3 | Gained mutation: Your flesh is cold resistant. [potion of beneficial mutation]
 41666 | Depths:3 | Killed Xtahua
 42055 | Depths:3 | Received a gift from Okawaru
 42437 | Depths:3 | Found a gateway to a ziggurat.
 42733 | Depths:4 | Found a one-way gate to the infinite horrors of the Abyss.
 42922 | Depths:4 | Found a magical portal.
 42931 | WizLab   | Entered The Roulette of Golubria
 42935 | WizLab   | Found a corrupted altar of Lugonu.
 43290 | WizLab   | Got a faintly humming cloak
 43321 | WizLab   | Got a shimmering cloak
 43332 | WizLab   | Identified the cursed +0 cloak "Bocieth" {rF- rC+ Int+3 SInv} (You found it in a wizard's laboratory)
 43343 | WizLab   | Identified the +1 cloak "Damevere" {rCorr} (You found it in a wizard's laboratory)
 44969 | Vaults:5 | Entered Level 5 of the Vaults
 44977 | Vaults:5 | Received a gift from Okawaru
 44984 | Vaults:5 | Reached XP level 23. HP: 75/225 MP: 26/31
 45785 | Vaults:5 | Found Poocyan's Antique Armour Shop.
 45805 | Vaults:5 | Received a gift from Okawaru
 46857 | Vaults:5 | Found Doxzivan's Distillery.
 46879 | Vaults:5 | Bought a potion of heal wounds for 85 gold pieces
 46879 | Vaults:5 | Bought 2 potions of curing for 102 gold pieces
 46910 | Vaults:5 | Got a silver rune of Zot
 47286 | Depths:4 | Received a gift from Okawaru
 47292 | Depths:4 | Reached XP level 24. HP: 188/235 MP: 31/31
 47304 | Depths:5 | Entered Level 5 of the Depths
 48068 | Depths:5 | Received a gift from Okawaru
 48095 | Depths:5 | Found a gate to the Realm of Zot.
 49606 | Zot:1    | Entered Level 1 of the Realm of Zot
 50808 | Zot:3    | Received a gift from Okawaru
 51059 | Zot:3    | Reached XP level 25. HP: 175/247 MP: 31/31
 51431 | Zot:4    | Received a gift from Okawaru
 51460 | Zot:4    | Noticed an orb of fire
 51461 | Zot:4    | Gained mutation: You are dopey. (Int -2) [an orb of fire]
 51475 | Zot:4    | Gained mutation: You have large cloven feet. [an orb of fire]
 51476 | Zot:4    | Killed an orb of fire
 51527 | Zot:5    | Entered Level 5 of the Realm of Zot
 51799 | Zot:5    | Noticed an ancient lich
 51850 | Zot:5    | Noticed an ancient lich
 51852 | Zot:5    | Noticed an ancient lich
 51862 | Zot:5    | Killed an ancient lich
 51890 | Zot:5    | Killed an ancient lich
 51979 | Zot:5    | Noticed an ancient lich
 51998 | Zot:5    | Killed an ancient lich
 52015 | Zot:5    | Noticed an orb of fire
 52016 | Zot:5    | Gained mutation: You are partially covered in large bone plates (AC +2, SH +2). [an orb of fire]
 52024 | Zot:5    | Killed an orb of fire
 52040 | Zot:5    | Noticed an ancient lich
 52047 | Zot:5    | Killed an ancient lich
 52050 | Zot:5    | Noticed an ancient lich
 52051 | Zot:5    | Noticed an ancient lich
 52068 | Zot:5    | Killed an ancient lich
 52080 | Zot:5    | Killed an ancient lich
 52080 | Zot:5    | Reached XP level 26. HP: 226/260 MP: 28/31
 52123 | Zot:5    | Received a gift from Okawaru
 52148 | Zot:5    | Noticed an ancient lich
 52155 | Zot:5    | Killed an ancient lich
 52170 | Zot:5    | Got the Orb of Zot
 52194 | Zot:5    | Killed an ancient lich
 52252 | Zot:3    | Noticed a seraph
 52482 | D:13     | Noticed Fuhamp the pandemonium lord
 52586 | D:8      | Gained mutation: Your magical capacity is low (-10% MP). [a neqoxec]
 52740 | D:$      | Escaped with the Orb!

Skill      XL: |  1  2  3  4  5  6  7  8  9 10 11 12 13 14 15 16 17 18 19 20 21 22 23 24 25 26 |
---------------+-------------------------------------------------------------------------------+-----
Axes           | 3 4 7 9 11 13 16 17 18 19 20 21 22 24 | 24.7
Fighting       | 8 12 14 16 18 19 20 21 22 23 24 25 26 | 26.1
Armour         | 8 11 14 16 18 19 20 21 22 23 24 25 26 | 26.2
Dodging        | 10 15 16 17 18 19 20 | 20.4
Invocations    | 7 |  7.7
Evocations     | 7 13 | 13.1
Stealth        | 3 5 7 8 |  8.8
Shields        | |  3.6

Action                   |  1- 3 |  4- 6 |  7- 9 | 10-12 | 13-15 | 16-18 | 19-21 | 22-24 | 25-27 || total
-------------------------+-------+-------+-------+-------+-------+-------+-------+-------+-------++-------
Melee: War axe           |    88 |   198 |   380 |   632 |       |       |       |       |       ||  1298
       Headbutt          |    13 |    26 |    64 |   124 |   253 |   294 |   283 |   294 |   113 ||  1464
       Battleaxe         |       |       |       |   109 |   180 |       |       |       |       ||   289
       Executioner's axe |       |       |       |       |   710 |   862 |   833 |   777 |   269 ||  3451
Invok: Heroism           |       |       |     1 |     6 |    12 |     9 |     3 |     5 |     3 ||    39
       Finesse           |       |       |       |       |     3 |     2 |     8 |     7 |     4 ||    24
 Abil: Evoke Berserk Rag |     2 |       |     2 |     1 |       |       |       |       |       ||     5
       Evoke Invisibilit |       |       |       |       |     2 |       |       |       |       ||     2
       Evoke Flight      |       |       |       |       |       |    12 |       |       |       ||    12
       Evoke Blink       |       |       |       |       |       |       |    10 |    24 |    12 ||    46
Evoke: Wand              |       |       |       |     6 |     2 |       |     2 |     1 |    34 ||    45
  Use: Scroll            |       |    13 |     4 |    12 |     7 |    12 |     4 |     3 |     9 ||    64
       Potion            |       |       |     3 |     3 |     9 |    14 |     5 |    12 |     2 ||    48
 Stab: Confused          |       |       |       |     1 |       |       |       |       |       ||     1
       Invisible         |       |       |       |       |     1 |       |       |    14 |       ||    15
       Distracted        |       |       |       |       |       |     2 |     1 |     7 |       ||    10
       Sleeping          |       |       |       |       |       |       |     1 |     6 |     1 ||     8
  Eat: Beef jerky        |     1 |       |       |     1 |     1 |       |       |       |       ||     3
       Chunk             |       |     4 |    14 |    21 |    32 |     8 |    23 |     7 |       ||   109
       Royal jelly       |       |       |       |     1 |     1 |       |       |     2 |     1 ||     5
       Pizza             |       |       |       |       |     1 |     1 |       |       |       ||     2
       Bread ration      |       |       |       |       |     2 |     6 |       |     3 |     3 ||    14
       Fruit             |       |       |       |       |       |       |       |    11 |       ||    11
Armor: Scale mail        |    43 |    37 |       |       |       |       |       |       |       ||    80
       Plate armour      |       |    71 |   147 |   361 |   628 |   564 |   107 |    36 |       ||  1914
       Chain mail        |       |       |       |       |       |       |   251 |   283 |   105 ||   639
Dodge: Dodged            |    21 |    39 |    39 |   132 |   365 |   952 |   983 |   907 |   301 ||  3739
Block: Shield            |    54 |    94 |   134 |   223 |       |       |       |       |       ||   505
       Other             |       |       |       |       |       |       |       |    62 |    52 ||   114
       Reflection        |       |       |       |       |       |       |       |     6 |       ||     6
